Map: Ruins of Seras

Players

EJK

  • Race: Terran Terran
  • League: Grandmaster

IIllIIlIllll - Winner!

  • Race: Protoss Protoss
  • League: Grandmaster

VOD

Have the link to the VOD?

Description

Time

  • Played on: Jan. 16, 2016, 9:26 p.m.
  • Length: 24:44
Show
View Real Time Build Order
Export as new Build Order

EJK Terran 

Build Orders: Cyclone Opening, MMM Bio 

Get SALT Encoding   

  12  0:00  SCV  
  13  0:13  SCV  
  14  0:18  Supply Depot  
  14  0:25  SCV  
  15  0:30  Refinery  
  15  0:39  SCV  
  16  0:48  Barracks  
  16  0:51  SCV  
  17  1:03  SCV  
  18  1:15  SCV  
  19  1:35  Orbital Command, Marine  
  19  1:36  Factory  
  20  1:58  Command Center  
  20  2:09  Supply Depot  
  20  2:13  SCV, Marine  
  22  2:19  Factory Tech Lab  
  22  2:25  SCV  
  23  2:31  Marine  
  24  2:38  SCV  
  24  2:39  Cyclone  
  28  2:44  Supply Depot  
  28  2:49  Marine  
  28  2:50  SCV  
  30  3:03  SCV  
  31  3:06  Marine  
  31  3:10  Orbital Command  
  32  3:15  SCV  
  32  3:27  SCV  
  32  3:29  Marine  
  32  3:32  Cyclone  
  37  3:38  SCV  
  37  3:40  SCV  
  39  3:43  Command Center  
  39  3:51  SCV  
  39  3:52  SCV  
  39  3:53  Barracks Reactor  
  38  4:04  SCV  
  38  4:07  Hellion  
  38  4:09  Barracks  
  41  4:10  Refinery, Barracks  
  41  4:11  Refinery  
  41  4:12  SCV  
  42  4:18  SCV  
  43  4:24  SCV  
  43  4:26  Supply Depot  
  43  4:30  SCV, Marine x2  
  47  4:36  SCV  
  48  4:43  SCV, Starport  
  49  4:48  SCV  
  49  4:50  Engineering Bay  
  50  4:55  SCV  
  51  5:00  SCV, Orbital Command  
  51  5:05  Stimpack, Bunker  
  51  5:06  Factory Reactor  
  52  5:07  SCV  
  52  5:11  Marine x2  
  52  5:12  SCV, Marine  
  52  5:14  Marine  
  58  5:21  Missile Turret  
  58  5:22  SCV  
  58  5:25  SCV  
  60  5:29  Marine x2  
  60  5:30  Marine  
  60  5:31  Marine  
  60  5:34  SCV x2  
  60  5:35  Refinery  
  66  5:37  SCV  
  65  5:45  Missile Turret  
  65  5:55  Medivac x2  
  65  5:56  Barracks Tech Lab, Marauder  
  65  5:57  Marine x2  
  71  5:58  SCV  
  71  5:59  SCV  
  75  6:07  Orbital Command  
  75  6:10  Missile Turret  
  75  6:12  SCV x2, Barracks x2  
  75  6:18  Missile Turret  
  74  6:21  Liberator  
  74  6:24  SCV x2  
  76  6:29  Marine  
  76  6:31  Combat Shields  
  77  6:38  Missile Turret, Marine  
  77  6:39  Marauder x2  
  85  6:44  SCV  
  85  6:49  Supply Depot  
  85  6:53  Liberator  
  85  6:57  Terran Infantry Weapons Level 1  
  85  7:01  Barracks Reactor x2  
  85  7:08  Ghost Academy  
  85  7:10  SCV x3, Concussive Shells  
  85  7:11  Supply Depot  
  85  7:15  Liberator  
  91  7:21  Marauder  
  93  7:32  SCV x2, Marauder, Marine  
  93  7:33  Supply Depot  
  93  7:34  Supply Depot, Marine  
  101  7:45  Supply Depot  
  101  7:48  Refinery  
  101  7:50  Refinery  
  101  7:52  Ghost  
  101  7:53  SCV x2, Marine x4  
  101  7:54  Ghost  
  101  7:55  SCV, Marine x2  
  114  8:02  Supply Depot  
  114  8:04  Medivac  
  114  8:05  SCV x2  
  118  8:07  SCV  
  118  8:11  Marine x4  
  123  8:12  Marine x2  
  123  8:15  Medivac  
  123  8:17  SCV x2  
  123  8:19  SCV  
  129  8:25  Ghost x2  
  129  8:26  Supply Depot x2  
  133  8:29  SCV x2  
  133  8:30  Supply Depot  
  134  8:37  Marine x5  
  138  8:54  Marauder  
  138  8:55  Marauder  
  139  8:56  Terran Infantry Armor Level 1  
  139  8:58  Command Center  
  139  9:00  Marine x3  
  139  9:01  Marine x2  
  144  9:16  Marauder  
  142  9:23  Marauder  
  126  9:25  Marine x2  
  104  9:36  Marine x4  
  104  9:37  Marauder  
  104  9:38  Medivac x2  
  103  9:41  Starport  
  103  9:44  Marauder  
  107  9:46  Factory Reactor  
  107  9:54  Armory  
  107  9:55  Engineering Bay  
  107  9:57  Marine x3  
  107  9:58  Ghost, Marine x3  
  115  10:05  Ghost  
  117  10:08  Medivac x2  
  117  10:12  Missile Turret  
  121  10:23  Marine x6  
  121  10:26  Ghost  
  129  10:30  SCV x3, Barracks  
  129  10:31  Barracks  
  129  10:33  Ghost  
  131  10:50  Liberator x2  
  131  10:56  Marine, Marauder  
  134  10:57  Terran Infantry Armor Level 2, Terran Infantry Weapons Level 2, Marine x5  
  134  11:02  Marauder  
  141  11:07  Viking x2  
  151  11:24  Marauder x2, Marine x4  
  151  11:25  Marine  
  158  11:27  Marine  
  158  11:36  Barracks Reactor, Barracks Tech Lab  
  155  11:41  Liberator x2  
  155  11:42  Marine x3  
  155  11:46  Marauder x2  
  156  11:58  Planetary Fortress, Medivac x2  
  156  12:00  Missile Turret  
  166  12:03  Command Center, Marine x6, Marauder  
  166  12:07  Marauder  
  176  12:24  Marauder x2  
  180  12:33  Marine  
  180  12:38  Marine  
  180  12:49  Marine x2  
  180  12:51  Marauder, Marine x3  
  180  12:52  Viking, Marauder  
  180  12:55  Viking  
  180  12:56  Viking x2, Marauder  
  172  12:58  Marine x2  
  172  13:04  Marine  
  137  13:07  Marine x2  
  137  13:09  Marine x3  
  123  13:13  Marauder x2  
  123  13:16  Liberator x4  
  123  13:18  Terran Infantry Weapons Level 3, Terran Infantry Armor Level 3, Marauder  
  120  13:20  Marine x2  
  120  13:22  Marine  
  120  13:25  Marine x2  
  122  13:27  Marine  
  135  13:34  Marauder x2  
  135  13:39  Marauder  
  141  13:41  Refinery x2  
  140  13:49  Marine x3  
  140  13:50  Marine x4  
  140  13:55  Ghost  
  149  13:56  Marauder  
  149  14:00  Ghost  
  140  14:06  Marine  
  140  14:07  Marine x2  
  132  14:17  Marauder  
  132  14:20  Marine x2  
  132  14:21  Marine x3  
  132  14:24  Marauder, Marine  
  137  14:25  Marine  
  137  14:29  Marauder  
  145  14:38  Marauder  
  145  14:39  Medivac x2  
  145  14:45  SCV x3, Ghost  
  151  14:48  Refinery, Missile Turret  
  151  14:50  Ghost  
  151  14:52  Planetary Fortress  
  156  15:03  Ghost  
  156  15:04  Marine x3  
  156  15:05  Marine x5  
  166  15:13  Ghost, Terran Ship Weapons Level 1  
  166  15:17  Refinery  
  166  15:19  Marauder  
  170  15:33  Marine x3, Marauder  
  170  15:34  Marine x4  
  179  15:40  Marauder  
  181  15:43  Marauder  
  182  15:54  Ghost  
  184  15:58  Marine x3  
  184  15:59  Marine x3  
  184  16:01  Ghost  
  186  16:13  Marauder  
  186  16:20  Marine  
  186  16:23  Marauder  
  189  16:29  Ghost  
  178  16:33  Ghost  
  165  16:41  Marine x2  
  165  16:43  Marine x4  
  165  16:44  Marauder  
  165  16:46  Marine x2  
  138  16:59  Marauder, Marine x2  
  138  17:00  Marine x2  
  138  17:01  Marine x2  
  106  17:03  Marauder  
  106  17:04  Marine x2  
  106  17:06  Marauder  
  101  17:09  Medivac  
  101  17:10  Medivac  
  105  17:20  Marauder  
  107  17:24  Marauder  
  107  17:27  Marauder  
  107  17:29  Medivac x2  
  115  17:32  Sensor Tower  
  115  17:41  Marine x4  
  115  17:42  Marauder, Marine x3  
  115  17:43  Marine  
  116  17:46  Marauder  
  116  17:49  Marauder  
  112  18:02  Ghost  
  114  18:06  Ghost  
  114  18:09  Ghost  
  118  18:14  Marine x2  
  118  18:15  Marine x6  
  118  18:19  Medivac  
  128  18:20  Medivac  
  128  18:23  Medivac  
  131  18:31  Medivac  
  131  18:32  Marauder  
  135  18:35  Marauder  
  135  18:38  Ghost  
  139  18:49  Medivac  
  139  18:51  Marine x6  
  139  18:52  Medivac, Marine  
  139  18:53  Medivac, Marauder  
  153  18:57  Marauder  
  153  19:01  Medivac  
  157  19:07  Marauder  
  159  19:15  Command Center  
  159  19:19  Marauder x2, Medivac  
  159  19:20  Marine x3  
  159  19:21  Marine  
  159  19:22  Viking  
  159  19:23  Viking  
  170  19:28  Marauder  
  169  19:31  Marine x2  
  169  19:32  Marine x2  
  173  19:41  Marauder x2  
  171  19:47  Marine x2  
  171  19:50  Marauder  
  173  19:57  Marine x5  
  177  20:00  Viking  
  177  20:01  Viking  
  177  20:02  Marauder x2  
  181  20:11  Marauder  
  176  20:15  Viking x2  
  178  20:30  Viking  
  178  20:38  Ghost x3  
  178  20:40  Marine x6  
  179  20:54  Marine x2  
  164  20:57  Marine  
  164  20:58  Medivac x2, Marine x4  
  153  21:07  Marauder  
  153  21:08  Marauder, Marine x2  
  148  21:11  Marine  
  148  21:16  Marine  
  126  21:26  Marine x2, Marauder  
  126  21:29  Marauder x2  
  126  21:30  Marine x3  
  126  21:31  Marine  
  133  21:46  Marine x4  
  137  21:47  Marauder  
  137  21:50  Marauder x2  
  143  21:59  Marine x4  
  147  22:04  Marine x2  
  149  22:09  Marauder  
  150  22:17  Marine, Marauder x2  
  150  22:18  Marine x4  
  150  22:20  Marine  
  150  22:22  Marine  
  155  22:48  Marine x5, Marauder x3  
  155  22:49  Marine x3  
  159  23:10  Marauder x3  
  165  23:15  Planetary Fortress  
  158  23:35  Marine x3, Marauder x3  
  158  23:36  Marine  
  143  23:56  Marauder  
  143  23:57  SCV x3, Marauder  
  150  24:03  SCV x2  
  150  24:15  Marine, Marauder  
  151  24:18  Marauder  
  151  24:23  Marauder  
  151  24:24  Marine  
  132  24:25  Marine  
Show
View Real Time Build Order
Export as new Build Order

IIllIIlIllll Protoss - Winner!

Build Orders: 1 Gate Expand 

Get SALT Encoding   

  12  0:01  Probe (Chrono Boost)  
  13  0:12  Probe (Chrono Boost)  
  14  0:19  Pylon  
  14  0:23  Probe (Chrono Boost)  
  15  0:38  Probe (Chrono Boost)  
  15  0:40  Gateway  
  16  0:48  Probe (Chrono Boost)  
  17  1:12  Nexus  
  17  1:16  Probe (Chrono Boost)  
  18  1:22  Assimilator  
  18  1:26  Assimilator  
  18  1:35  Cybernetics Core  
  18  1:37  Probe (Chrono Boost)  
  19  1:48  Probe (Chrono Boost)  
  19  1:49  Pylon  
  20  1:59  Probe (Chrono Boost)  
  21  2:02  Pylon  
  21  2:11  Adept (Chrono Boost)  
  23  2:19  Mothership Core (Chrono Boost)  
  25  2:24  Probe (Chrono Boost)  
  26  2:30  Warp Gate  
  26  2:36  Probe (Chrono Boost)  
  27  2:40  Probe (Chrono Boost)  
  28  2:47  Probe (Chrono Boost)  
  28  2:50  Probe (Chrono Boost)  
  30  2:58  Probe (Chrono Boost)  
  31  3:00  Robotics Facility  
  31  3:02  Probe (Chrono Boost)  
  32  3:08  Probe (Chrono Boost)  
  33  3:13  Probe (Chrono Boost)  
  33  3:19  Stargate  
  34  3:21  Probe (Chrono Boost)  
  34  3:24  Probe (Chrono Boost)  
  36  3:31  Probe (Chrono Boost), Pylon  
  38  3:34  Probe (Chrono Boost)  
  38  3:41  Gateway  
  38  3:43  Probe (Chrono Boost)  
  38  3:47  Probe (Chrono Boost)  
  37  4:02  Probe (Chrono Boost), Observer (Chrono Boost)  
  37  4:03  Probe (Chrono Boost)  
  37  4:06  Phoenix (Chrono Boost)  
  37  4:08  Gateway  
  41  4:13  Probe  
  41  4:15  Probe  
  42  4:23  Observer  
  42  4:25  Probe, Pylon  
  42  4:29  Phoenix (Chrono Boost)  
  42  4:30  Probe  
  47  4:37  Probe  
  48  4:39  Stalker x2  
  48  4:43  Probe  
  53  4:49  Probe  
  54  4:54  Phoenix (Chrono Boost)  
  54  4:55  Probe (Chrono Boost), Assimilator  
  57  5:00  Pylon  
  57  5:01  Probe (Chrono Boost)  
  57  5:02  Assimilator  
  59  5:08  Probe (Chrono Boost)  
  59  5:12  Forge  
  59  5:13  Probe (Chrono Boost), Phoenix  
  60  5:21  Probe (Chrono Boost)  
  63  5:23  Probe (Chrono Boost)  
  63  5:26  Twilight Council  
  64  5:33  Probe (Chrono Boost)  
  64  5:34  Probe (Chrono Boost)  
  66  5:43  Probe (Chrono Boost)  
  66  5:45  Probe (Chrono Boost)  
  66  5:47  Protoss Ground Weapons Level 1 (Chrono Boost)  
  66  5:48  Nexus  
  68  5:50  Immortal (Chrono Boost)  
  68  5:53  Probe  
  68  5:56  Probe  
  74  6:02  Pylon  
  74  6:04  Probe, Pylon  
  74  6:06  Blink (Chrono Boost)  
  74  6:09  Probe  
  76  6:16  Probe  
  77  6:21  Probe  
  77  6:25  Immortal  
  78  6:29  Probe  
  83  6:32  Pylon  
  83  6:33  Probe  
  84  6:41  Probe  
  84  6:45  Probe  
  86  6:47  Pylon  
  86  6:49  Sentry  
  86  6:53  Probe  
  86  6:54  Adept x2  
  93  6:57  Probe  
  93  6:59  Gateway  
  94  7:01  Gateway  
  94  7:03  Gateway  
  94  7:04  Gateway, Immortal  
  97  7:21  Probe  
  97  7:23  Probe x2, Assimilator  
  97  7:24  Assimilator  
  97  7:25  Templar Archives  
  97  7:27  Stalker x2  
  97  7:28  Stalker  
  106  7:48  Pylon  
  106  7:50  Pylon x2  
  106  7:52  Protoss Ground Armor Level 1  
  106  7:53  Psionic Storm  
  106  7:57  Stalker x3  
  112  8:03  Nexus  
  112  8:05  Pylon  
  112  8:06  High Templar  
  112  8:08  High Templar  
  116  8:16  Resonating Glaives  
  116  8:25  Immortal  
  120  8:31  Assimilator  
  120  8:36  Assimilator  
  120  8:40  Photon Cannon  
  119  8:44  Fleet Beacon  
  119  8:51  Stalker  
  119  8:52  Stalker x5  
  127  9:04  Adept  
  127  9:05  Immortal (Chrono Boost)  
  133  9:21  Archon  
  103  9:25  Adept x6  
  103  9:29  Adept  
  95  9:44  Observer (Chrono Boost)  
  96  9:48  High Templar  
  96  9:49  High Templar  
  96  9:50  Adept x5  
  108  9:55  Tempest (Chrono Boost)  
  108  9:56  Gateway  
  112  10:00  Gateway x2, Protoss Ground Armor Level 2  
  112  10:02  Gateway  
  112  10:06  Observer  
  112  10:13  Photon Cannon  
  113  10:16  Photon Cannon  
  113  10:18  Pylon, High Templar  
  115  10:22  Mothership Core (Chrono Boost), Photon Cannon  
  115  10:25  Photon Cannon  
  117  10:29  Oracle  
  117  10:35  Pylon  
  120  10:37  Photon Cannon  
  120  10:42  Immortal  
  124  10:51  High Templar x2  
  128  11:06  Adept x5, Photon Cannon  
  128  11:07  Photon Cannon  
  136  11:26  Adept x5  
  143  11:34  Nexus  
  143  11:40  Stalker x2  
  143  11:54  Tempest  
  143  11:57  Immortal, High Templar x2  
  143  11:59  High Templar x2  
  155  12:08  Stargate  
  159  12:10  Stargate  
  159  12:12  High Templar  
  161  12:21  Pylon  
  161  12:32  Oracle  
  161  12:34  Observer  
  162  12:41  Stalker x4  
  163  12:54  Archon  
  145  13:02  Adept x4  
  145  13:03  Adept x3  
  141  13:06  Adept x4  
  141  13:07  Archon  
  141  13:12  Tempest  
  121  13:27  High Templar x3  
  127  13:38  Nexus  
  127  13:39  Pylon  
  127  13:44  Stalker  
  129  13:48  High Templar  
  129  13:49  High Templar x2  
  121  14:16  Stalker x7  
  135  14:36  Stalker x4  
  135  14:38  Tempest  
  134  14:44  Tempest (Chrono Boost)  
  138  14:46  Oracle  
  141  15:07  High Templar x2  
  141  15:08  Adept x2  
  141  15:11  Assimilator  
  149  15:16  Assimilator  
  149  15:19  Photon Cannon  
  149  15:22  Photon Cannon  
  149  15:26  Tempest (Chrono Boost)  
  153  15:31  Tempest (Chrono Boost)  
  157  15:49  Tempest (Chrono Boost)  
  161  15:55  Protoss Air Weapons Level 1  
  157  16:17  Adept x9  
  125  16:52  Adept x5  
  111  16:58  Archon  
  111  16:59  Adept x2  
  111  17:00  Adept x4  
  109  17:09  Tempest (Chrono Boost)  
  109  17:10  Tempest (Chrono Boost)  
  109  17:11  Oracle (Chrono Boost)  
  109  17:12  High Templar x4  
  128  17:17  Immortal (Chrono Boost)  
  132  17:23  Protoss Ground Armor Level 3  
  132  17:27  High Templar  
  134  17:39  Nexus  
  134  17:50  High Templar  
  134  17:57  High Templar x2  
  136  17:58  Stalker x3  
  136  17:59  Stalker  
  144  18:05  Assimilator  
  144  18:07  Assimilator  
  144  18:10  Pylon  
  144  18:11  Tempest  
  144  18:12  Pylon  
  148  18:31  High Templar x2  
  150  18:39  Adept  
  150  18:40  Adept x3, Zealot x2  
  150  18:41  Zealot  
  164  18:48  Adept x2  
  149  18:59  Tempest  
  149  19:06  Stalker, High Templar  
  149  19:07  Adept  
  159  19:10  Adept  
  155  19:24  Adept x4  
  159  19:53  High Templar x4  
  167  20:00  Stalker x4  
  173  20:17  Tempest  
  173  20:20  Nexus  
  173  20:22  Oracle  
  180  20:34  Oracle  
  170  20:56  Stalker x5  
  152  21:04  Archon x2  
  138  21:12  Adept x6  
  140  21:22  Tempest  
  133  21:37  Pylon, Assimilator  
  133  21:44  Adept  
  133  21:45  Adept x5  
  145  22:03  Immortal (Chrono Boost), Tempest  
  153  22:21  Oracle  
  150  22:24  Tempest  
  155  22:42  High Templar  
  157  22:49  Photon Cannon  
  157  22:51  Photon Cannon  
  157  22:52  Photon Cannon  
  157  22:53  Pylon  
  157  22:54  Photon Cannon  
  157  22:56  Nexus  
  157  22:57  High Templar x2  
  159  23:08  Pylon  
  159  23:11  Assimilator  
  159  23:16  Assimilator  
  157  23:26  Stalker  
  157  23:27  Stalker x3  
  163  23:29  Zealot x5  
  173  23:36  Photon Cannon  
  173  23:38  Photon Cannon  
  173  23:40  Photon Cannon  
  171  23:50  High Templar  
  167  23:57  Nexus  
  167  23:58  Warp Prism (Chrono Boost)  
  159  24:28  Archon  
  159  24:29  Stalker x4  
Tags
 
Add a new tag
Caveats
  • Supply blocks, unpowered buildings, or Contaminate may cause inaccurate times.
  • Supply counts are checked every 10 seconds.